Map: Para Site LE

Players

Valex

  • Race: Protoss Protoss
  • League: Platinum
  • Spawn Location: 11:00

Cliggity - Winner!

  • Race: Protoss Protoss
  • League: Platinum
  • Spawn Location: 5:00

VOD

Have the link to the VOD?

Description

Time

  • Played on: Nov. 7, 2018, 2:49 p.m.
  • Length: 10:20
Show
View Real Time Build Order
Export as new Build Order

Valex Protoss 

Build Orders: 1 Gate Expand 

Get SALT Encoding   

  12  0:01  Probe  
  13  0:13  Pylon  
  13  0:18  Probe  
  14  0:30  Probe  
  14  0:33  Gateway  
  15  0:40  Probe  
  16  0:44  Assimilator  
  16  0:48  Probe  
  16  0:56  Probe  
  18  1:08  Probe  
  19  1:20  Probe  
  19  1:24  Cybernetics Core  
  19  1:40  Nexus  
  19  1:57  Assimilator  
  19  2:00  Stalker  
  21  2:06  Warp Gate  
  21  2:22  Probe  
  22  2:26  Pylon  
  22  2:31  Forge  
  22  2:34  Probe  
  23  2:44  Stalker  
  25  2:47  Protoss Ground Weapons Level 1  
  25  2:55  Probe x2  
  27  3:05  Pylon  
  27  3:07  Probe x2  
  29  3:14  Stalker  
  29  3:17  Gateway  
  31  3:22  Probe  
  31  3:23  Probe  
  30  3:34  Probe  
  30  3:35  Probe  
  29  3:49  Stalker  
  25  4:21  Stalker  
  25  4:23  Probe x2  
  29  4:30  Robotics Facility  
  29  4:31  Probe  
  29  4:35  Probe  
  31  4:42  Probe  
  31  4:44  Probe  
  31  4:50  Probe  
  31  4:52  Probe  
  33  4:54  Stalker  
  37  5:02  Stalker  
  39  5:19  Immortal  
  39  5:22  Stalker  
  39  5:23  Probe  
  39  5:24  Probe  
  47  5:36  Probe x2  
  47  5:39  Protoss Ground Armor Level 1  
  47  5:41  Stalker  
  51  5:48  Probe x2  
  51  6:00  Pylon  
  51  6:05  Probe x2  
  53  6:15  Pylon  
  53  6:17  Probe  
  54  6:24  Twilight Council  
  54  6:26  Stalker  
  54  6:27  Stalker  
  54  6:29  Probe  
  59  6:43  Immortal  
  53  7:14  Assimilator  
  53  7:17  Assimilator  
  53  7:19  Dark Shrine  
  53  7:30  Zealot x2  
  53  7:31  Nexus  
  56  7:47  Immortal  
  56  7:48  Probe x2  
  62  7:58  Gateway  
  62  7:59  Gateway  
  62  8:00  Probe  
  62  8:02  Stalker  
  62  8:04  Stalker  
  67  8:07  Probe  
  68  8:33  Dark Templar  
  70  8:42  Pylon  
  70  8:44  Pylon  
  70  8:49  Immortal  
  70  8:53  Probe x3  
  73  8:57  Stalker  
  79  9:05  Forge, Probe x3  
  79  9:08  Forge  
  82  9:17  Probe x2  
  82  9:18  Probe  
  58  9:47  Zealot x4  
  46  10:08  Stalker x4  
Show
View Real Time Build Order
Export as new Build Order

Cliggity Protoss - Winner!

Build Orders:  

Get SALT Encoding   

  12  0:00  Probe  
  13  0:13  Probe  
  14  0:17  Pylon  
  14  0:25  Probe  
  15  0:36  Probe  
  15  0:38  Gateway  
  16  0:44  Probe  
  17  0:52  Assimilator, Probe  
  18  0:58  Assimilator  
  18  1:03  Probe  
  19  1:15  Probe  
  19  1:16  Gateway  
  20  1:23  Probe  
  21  1:32  Probe  
  21  1:33  Cybernetics Core  
  22  1:44  Probe  
  23  2:02  Pylon  
  23  2:12  Warp Gate  
  23  2:20  Adept x2, Probe  
  28  2:30  Pylon  
  28  2:34  Twilight Council, Probe  
  28  2:35  Pylon  
  29  2:47  Stalker  
  30  3:00  Sentry  
  30  3:03  Shield Battery  
  32  3:11  Probe  
  32  3:12  Charge  
  33  3:16  Gateway  
  33  3:32  Probe  
  34  3:46  Stalker  
  34  3:47  Stalker  
  38  4:00  Probe  
  37  4:18  Gateway x2  
  37  4:21  Robotics Facility  
  37  4:22  Pylon x2  
  37  4:40  Nexus  
  37  4:44  Probe  
  38  4:50  Forge  
  38  5:00  Pylon  
  38  5:08  Immortal  
  42  5:16  Stalker  
  44  5:22  Protoss Ground Weapons Level 1  
  44  5:36  Forge  
  44  5:39  Probe  
  44  5:40  Immortal  
  43  5:51  Probe  
  43  5:55  Sentry  
  50  5:58  Stalker  
  50  5:59  Probe  
  50  6:03  Probe  
  54  6:09  Probe  
  54  6:10  Shield Battery  
  54  6:12  Probe  
  54  6:15  Protoss Ground Armor Level 1  
  54  6:17  Probe  
  56  6:20  Probe  
  56  6:22  Observer  
  59  6:26  Adept, Probe  
  59  6:30  Probe  
  62  6:33  Assimilator  
  63  6:43  Warp Prism  
  59  7:09  Zealot x5  
  59  7:11  Probe  
  59  7:12  Probe  
  59  7:15  Assimilator  
  71  7:23  Probe  
  71  7:24  Probe  
  73  7:35  Probe  
  74  7:37  Protoss Ground Weapons Level 2  
  72  7:44  Zealot x5  
  72  7:46  Immortal  
  86  7:59  Pylon  
  86  8:07  Pylon x2  
  86  8:17  Probe x2  
  86  8:18  Zealot x3  
  90  8:44  Stalker x4  
  90  8:45  Stalker  
  90  9:09  Shield Battery, Pylon  
  90  9:15  Zealot x5  
  100  9:33  Observer  
  83  10:07  Zealot x5  
  83  10:13  Gateway  
  89  10:17  Gateway  
  87  10:18  Gateway  
Tags
 
Add a new tag
Caveats
  • Supply blocks, unpowered buildings, or Contaminate may cause inaccurate times.
  • Supply counts are checked every 10 seconds.